 Dungeon Crawl Stone Soup version 0.29.1-2-gbd0b4ee654 (webtiles) character file.

Game seed: 15470709220571055798

132 qeuew the Gusty (level 5, -3/28 HPs)
             Began as a Tengu Air Elementalist on Nov 3, 2022.
             Killed from afar by Natasha (5 damage)
             ... with a magic dart
             ... on level 3 of the Dungeon.
             The game lasted 00:04:49 (2761 turns).

qeuew the Gusty (Tengu Air Elementalist)            Turns: 2761, Time: 00:04:51

Health: -3/28      AC:  5    Str:  9    XL:     5   Next: 15%
Magic:  0/11       EV: 12    Int: 15    God:
Gold:   96         SH:  0    Dex: 16    Spells: 7/10 levels left

rFire   . . .      SeeInvis .   (no weapon)
rCold   . . .      Faith    .   (no shield)
rNeg    . . .      Spirit   .   c - +0 ring mail
rPois   .          Reflect  .   (helmet restricted)
rElec   .          Harm     .   (no cloak)
rCorr   +          Rampage  .   (no gloves)
Will    .....                   (boots unavailable)
Stlth   +.........              (no amulet)
HPRegen 0.09/turn               i - ring of resist corrosion
MPRegen 0.12/turn               (no ring)

@: flying quickly and evasively, quick
A: beak, talons 3, nimble flight
a: no special abilities


You were on level 3 of the Dungeon.
You visited 1 branch of the dungeon, and saw 3 of its levels.

You collected 96 gold pieces.

Inventory:

Armour
 c - a +0 ring mail (worn)
Jewellery
 i - a ring of resist corrosion (left hand)
Scrolls
 f - a scroll of immolation {unknown}
 g - a scroll of teleportation
 h - a scroll of blinking {unknown}
Potions
 a - a potion of flight
 b - a potion of magic
 d - 2 potions of curing
 e - a potion of cancellation {unknown}
 j - a potion of might


   Skills:
 * Level 1.8 Armour
 + Level 2.2 Dodging
 - Level 2.0 Stealth
 + Level 0.2 Unarmed Combat
 + Level 3.4 Spellcasting
 + Level 2.9 Conjurations
 + Level 4.8 Air Magic


You had 7 spell levels left.
You knew the following spells:

 Your Spells              Type           Power      Damage    Failure   Level
a - Shock                 Conj/Air       56%        1d6       11%         1
b - Static Discharge      Conj/Air       14%        3-5/arc   16%         2

Your spell library contained the following spells:

 Spells                   Type           Power      Damage    Failure   Level
 Swiftness                Air            17%        N/A       22%         3
 Airstrike                Air            8%         2d(2-18)  56%         4


Dungeon Overview and Level Annotations

Branches:
Dungeon (3/15)

Altars:
Dithmenos

Annotations:
D:3 Natasha


Innate Abilities, Weirdness & Mutations

You have a beak for a mouth.
You have claws for feet.
Your magical nature lets you fly swiftly and evasively.


Message History

Your magical nature develops, letting you fly swiftly and evasively.
Natasha, Servant of Life and Death comes into view.
The zap misses Natasha.
Natasha hisses angrily.
The zap hits Natasha.
Natasha is moderately wounded.
The zap misses Natasha.
The zap hits Natasha.
Natasha is heavily wounded.
Natasha casts a spell at you. The magic dart hits you!
The zap hits Natasha.
Natasha is severely wounded.
Natasha growls.
Natasha drinks a potion.
Natasha is healed!
You are out of magic!
You are out of magic!
You are out of magic!
You are out of magic!
You hit Natasha. You peck Natasha.
Natasha is lightly wounded.
Natasha stares at you and mumbles some strange words.
The magic dart hits you!
You hit Natasha but do no damage.
Natasha is lightly wounded.
Natasha stares at you and mumbles some strange words.
The magic dart hits you.
* * * LOW HITPOINT WARNING * * *
You hit Natasha. You peck Natasha.
Natasha is moderately wounded.
Natasha casts a spell at you. The magic dart hits you.
* * * LOW HITPOINT WARNING * * *
You hit Natasha but do no damage. Your kick misses Natasha.
Natasha is moderately wounded.
Natasha mumbles some strange words.
You feel disoriented. Natasha casts a spell at you. The magic dart hits you.
You die...

##.#.###†#..#..
#.........## ...
...........# #.
#<..###..#.....
.........####.#
##...##.#####.##
#.>.........<.#
#.......####..##
#......@........
#..###.h####....
#.. #..# # #.
#..# . #..# ....
....# ##..#


You could see Natasha.

Vanquished Creatures
  Natasha (D:3)
  3 gnolls (D:2)
  4 adders
  3 worms (D:2)
  4 ball pythons
  2 bats
  3 endoplasms
  2 giant cockroaches
  2 goblins
  3 hobgoblins (D:2)
  2 jackals (D:1)
  A quokka (D:2)
  3 frilled lizards
  A kobold (D:2)
  5 rats
39 creatures vanquished.

Notes
Turn   | Place    | Note
-------+----------+-------------------------------------------
     0 | D:1      | qeuew the Tengu Air Elementalist began the quest for the
                  | Orb.
     0 | D:1      | Reached XP level 1. HP: 10/10 MP: 4/4
   279 | D:1      | Reached XP level 2. HP: 15/15 MP: 0/6
   638 | D:1      | Found a faded altar of an unknown god.
   746 | D:1      | Learned a level 2 spell: Static Discharge
  1577 | D:2      | Reached XP level 3. HP: 19/19 MP: 4/7
  1949 | D:2      | Reached skill level 1 in Armour
  1949 | D:2      | Reached XP level 4. HP: 24/24 MP: 2/9
  2112 | D:2      | Found a shadowy altar of Dithmenos.
  2713 | D:3      | Noticed Natasha
  2722 | D:3      | Killed Natasha
  2723 | D:3      | Gained mutation: Your magical nature lets you fly swiftly
                  | and evasively. [Tengu growth]
  2723 | D:3      | Reached XP level 5. HP: 24/28 MP: 1/11
  2751 | D:3      | Noticed Natasha
  2761 | D:3      | Killed from afar by Natasha

Illustrated notes

Levels and vault maps discovered:
D:1:      ncdulo_smallfort, layout_rooms, ebering_ecumenical_altar_mist,
          wander_ebering_terrifying_dragon_lair
D:2:      layout_basic, basic_altar
D:3:      layout_loops_ring, uniq_natasha

Skill      XL: |  1  2  3  4 |
---------------+-------------+-----
Conjurations   | 2 |  2.9
Armour         | 1 |  1.8
Spellcasting   | 3 |  3.4
Dodging        | |  2.2
Stealth        | |  2.0
Unarmed Combat | |  0.2
Air Magic      | |  4.8

Action                   |  1- 3 |  4- 6 || total
-------------------------+-------+-------++-------
Melee: Unarmed           |    46 |     8 ||    54
       Kick              |    12 |     3 ||    15
       Peck              |     8 |     2 ||    10
 Cast: Shock             |    57 |    41 ||    98
  Use: Scroll            |     2 |     3 ||     5
       Potion            |     1 |       ||     1
Armor: Ring mail         |    26 |     3 ||    29
Dodge: Dodged            |    33 |     4 ||    37
